Mustangs vs Griffins
(R1)
Created - December 28, 2019 at 19:49
Goals
|
Mustangs |
0 |
1 |
0 |
1 |
Griffins |
0 |
3 |
1 |
4 |
|
Shots
|
Mustangs |
14 |
14 |
9 |
37 |
Griffins |
12 |
15 |
9 |
36 |
|
1st period
No Goal
Penalties :
No Penalty
2nd period
1. Mustangs , Craig Smith 12 (JT Compher 7, Andrew O'Brien 5) at 1:33
2. Griffins , Tye McGinn 21 (Marcus Pettersson 4, Marko Dano 25) at 1:41
3. Griffins , Pavel Buchnevich 6 (Marko Dano 26, Tye McGinn 14) at 13:05 (PP)
4. Griffins , Simon Despres 3 (Ben Hanowski 10, Dylan Larkin 16) at 14:56 (PP)
Penalties :
Dakota Mermis (Ham) for Diving (Minor) at 11:14, Max Gortz (Ham) for Hooking (Minor) at 13:41, Brendan Woods (Cap) for Boarding (Minor) at 18:53
3rd period
5. Griffins , Tye McGinn 22 (Marko Dano 27) at 13:05 (PP)
Penalties :
Nicholas Baptiste (Cap) for Roughing (Minor) at 5:57, Phil Oreskovic (Cap) for Hooking (Minor) at 6:47, Danny Biega (Ham) for Goalie Interference (Minor) at 9:34, Ben Harpur (Ham) for Hooking (Minor) at 13:03, Nathan Gerbe (Cap) for Hooking (Minor) at 16:41
Goalie Stats
Chet Pickard (Ham), 32 saves from 36 shots - (0.889), L, 11-8-0, 60:00 minutes
Olivier Roy (Cap), 36 saves from 37 shots - (0.973), W, 11-3-0, 60:00 minutes
Players Stats for Mustangs
Player Name G A P +/- PIM S H SB GA TA FO MP PP MP PK MP
------------------------------------------------------------------------------------
Alexei Marchenko 0 0 0 -1 0 0 0 3 1 1 0/0 26:20 4:02 3:03
Andrew O'Brien 0 1 1 1 0 0 1 3 0 2 0/0 20:11 2:45 2:06
Ben Harpur 0 0 0 1 2 1 0 2 0 0 0/0 21:08 2:45 3:01
Chrstian Dvorak 0 0 0 0 0 2 1 0 0 0 0/1 7:53 0:00 0:00
Craig Smith 1 0 1 1 0 4 1 1 0 2 0/0 17:51 2:52 0:54
Dakota Mermis 0 0 0 0 2 1 1 1 0 1 0/0 14:54 0:00 1:36
Damon Severson 0 0 0 -1 0 3 3 4 1 1 0/0 23:54 4:02 0:28
Danny Biega 0 0 0 0 2 0 0 1 0 1 0/0 13:33 0:00 0:00
Iven Barbashev 0 0 0 0 0 2 0 1 1 0 0/2 7:53 0:00 0:00
Jonathan Drouin 0 0 0 -1 0 1 1 0 0 1 1/2 18:40 3:49 0:00
Josh Jooris 0 0 0 -1 0 7 1 2 1 0 1/3 21:50 3:55 3:04
JT Compher 0 1 1 1 0 0 0 0 1 1 0/0 16:57 2:52 0:00
Max Gortz 0 0 0 0 2 2 0 0 2 0 0/1 11:13 0:00 0:00
Melker Karlsson 0 0 0 -1 0 7 3 1 1 0 13/32 21:50 3:55 3:04
Nick Schmaltz 0 0 0 0 0 2 0 0 0 0 7/10 11:57 0:00 0:43
Sam Kurker 0 0 0 0 0 1 0 0 1 0 0/0 7:53 0:00 0:00
Stefan Matteau 0 0 0 1 0 3 2 0 0 0 4/10 18:20 2:52 1:20
Tuomo Ruutu 0 0 0 0 0 1 1 0 1 0 1/2 12:32 0:06 1:09
Players Stats for Griffins
Player Name G A P +/- PIM S H SB GA TA FO MP PP MP PK MP
------------------------------------------------------------------------------------
Anton Slepyshev 0 0 0 -1 0 2 1 0 0 1 0/0 16:02 2:27 1:33
Ben Hanowski 0 1 1 -1 0 4 2 0 1 0 0/0 16:11 2:27 0:55
Brandon Pirri 0 0 0 0 0 5 1 0 0 0 0/0 14:29 0:00 2:31
Brendan Woods 0 0 0 0 2 3 1 0 0 1 0/1 11:06 0:00 2:26
Dylan Larkin 0 1 1 -1 0 2 0 0 3 0 3/8 14:28 2:27 0:00
Gord Baldwin 0 0 0 0 0 0 1 2 0 1 0/0 20:05 1:31 4:02
Haydn Fleury 0 0 0 0 0 0 0 2 0 0 0/0 13:00 0:00 2:31
Marcus Pettersson 0 1 1 1 0 2 1 0 0 1 0/0 20:50 2:28 0:00
Marko Dano 0 3 3 1 0 2 1 0 0 2 21/33 18:43 2:28 0:49
Mirco Mueller 0 0 0 -1 0 0 0 0 0 0 0/0 6:29 0:54 1:07
Nathan Gerbe 0 0 0 0 2 1 0 0 0 1 5/10 12:20 0:12 0:11
Nicholas Baptiste 0 0 0 0 2 1 0 0 0 2 1/1 8:55 0:00 0:16
Pavel Buchnevich 1 0 1 1 0 2 3 1 1 0 1/2 17:18 2:40 0:00
Petter Granberg 0 0 0 0 0 0 1 0 0 0 0/0 17:14 1:45 0:26
Phil Oreskovic 0 0 0 -1 2 3 0 2 0 1 0/0 18:59 0:57 2:42
Rourke Chartier 0 0 0 0 0 2 0 0 0 0 2/3 8:40 0:00 0:00
Simon Despres 1 0 1 1 0 2 1 2 2 0 0/0 24:10 2:39 2:45
Sonny Milano 0 0 0 0 0 1 1 0 1 0 0/0 11:56 0:00 0:00
Tye McGinn 2 1 3 1 0 4 2 0 2 0 3/5 21:05 2:40 3:44
3 Stars
1 - Tye McGinn (Cap)
2 - Olivier Roy (Cap)
3 - Marko Dano (Cap)
Power Play
Mustangs - 0 on 4 Attempt(s) - 0.00%
Griffins - 3 on 4 Attempt(s) - 75.00%
Penalty Kill
Mustangs - 1 on 4 Attempt(s) - 25.00%
- Score 0 goal in Penalty Kill
Griffins - 4 on 4 Attempt(s) - 100.00%
- Score 0 goal in Penalty Kill
Team Stat
Mustangs - Hits : 15 - Faceoff Wins : 27 - Blocked Shots : 19 - Penalty Minutes : 8
Griffins - Hits : 16 - Faceoff Wins : 36 - Blocked Shots : 9 - Penalty Minutes : 8
Official
Referees : Unknown
Linesman : Unknown
Game Notes
14:56 of 2nd period - Griffins goal is going for a video replay. After video review, Goal.
Finance
Level 1 -- Attendance: 1538 (76.90%) -- Ticket Income $53,830
Level 2 -- Attendance: 810 (81.00%) -- Ticket Income $16,200
Total Attendance: 2348 (78.27%)
Total Ticket Income: $70,030
Other Income: $3,502
Total Income: $73,532
Mustangs
5 vs 5 Forward
Center Left Wing Right Wing Time % Phy DF OF
1 Melker Karlsson Jonathan Drouin Josh Jooris 40 1 2 2
2 Stefan Matteau JT Compher Craig Smith 30 1 2 2
3 Nick Schmaltz Tuomo Ruutu Max Gortz 20 1 2 2
4 Iven Barbashev Chrstian Dvorak Sam Kurker 10 1 2 2
5 vs 5 Defense
Defense Defense Time % Phy DF OF
1 Alexei Marchenko Damon Severson 44 1 2 2
2 Ben Harpur Andrew O'Brien 33 1 2 2
3 Dakota Mermis Danny Biega 23 1 2 2
4 Alexei Marchenko Damon Severson 0 1 2 2
PowerPlay Forward
Center Left Wing Right Wing Time % Phy DF OF
1 Melker Karlsson Jonathan Drouin Josh Jooris 60 1 2 2
2 Stefan Matteau JT Compher Craig Smith 40 1 2 2
PowerPlay Defense
Defense Defense Time % Phy DF OF
1 Alexei Marchenko Damon Severson 60 1 2 2
2 Ben Harpur Andrew O'Brien 40 1 2 2
Penalty Kill 4 Players Forward
Center Wing Time % Phy DF OF
1 Melker Karlsson Josh Jooris 60 1 2 2
2 Stefan Matteau Craig Smith 40 1 2 2
Penalty Kill 4 Players Defense
Defense Defense Time % Phy DF OF
1 Alexei Marchenko Ben Harpur 60 1 2 2
2 Dakota Mermis Andrew O'Brien 40 1 2 2
Penalty Kill - 3 Players Forward
Forward Time % Phy DF OF
1 Melker Karlsson 60 1 2 2
2 Stefan Matteau 40 1 2 2
Penalty Kill - 3 Players Defense
Defense Defense Time % Phy DF OF
1 Alexei Marchenko Ben Harpur 60 1 2 2
2 Dakota Mermis Andrew O'Brien 40 1 2 2
4 vs 4 Forward
Center Wing Time % Phy DF OF
1 Melker Karlsson Josh Jooris 60 1 2 2
2 Stefan Matteau Craig Smith 40 1 2 2
4 vs 4 Defense
Defense Defense Time % Phy DF OF
1 Alexei Marchenko Damon Severson 60 1 2 2
2 Ben Harpur Andrew O'Brien 40 1 2 2
Last Minutes Offensive
Center Left Wing Right Wing Defense Defense
Melker Karlsson Jonathan Drouin Josh Jooris Alexei Marchenko Damon Severson
Last Minutes Defensive
Center Left Wing Right Wing Defense Defense
Melker Karlsson Chrstian Dvorak Josh Jooris Alexei Marchenko Ben Harpur
Goaltenders
Starting : Chet Pickard
Backup : Anthony Stolarz
Extra Forwards
Normal : Melker Karlsson, Stefan Matteau, Nick Schmaltz - PP : Josh Jooris, Craig Smith - PK : Melker Karlsson
Extra Defensemen
Normal : Alexei Marchenko, Ben Harpur, Danny Biega - PP : Damon Severson - PK : Alexei Marchenko, Andrew O'Brien
Penalty Shots
Josh Jooris, Melker Karlsson, Stefan Matteau, JT Compher, Jonathan Drouin
Scratches
Ryan Graves (Healthy), Curtis Hamilton (Healthy), Matthew Finn (Healthy), Jim O'Brien (Healthy), Kurtis Gabriel (Healthy)
Raphael Bussieres (Healthy), Michael McCarron (Healthy), Josh Ho-Sang (Healthy), Brett Pollock (Healthy), Steven Spinner (Healthy)
Joacim Eriksson (Healthy)
Griffins
5 vs 5 Forward
Center Left Wing Right Wing Time % Phy DF OF
1 Marko Dano Tye McGinn Pavel Buchnevich 40 0 2 3
2 Dylan Larkin Anton Slepyshev Ben Hanowski 30 0 2 3
3 Nathan Gerbe Sonny Milano Brandon Pirri 20 0 2 3
4 Rourke Chartier Brendan Woods Nicholas Baptiste 10 0 2 3
5 vs 5 Defense
Defense Defense Time % Phy DF OF
1 Simon Despres Marcus Pettersson 40 0 3 2
2 Gord Baldwin Petter Granberg 30 0 3 2
3 Haydn Fleury Phil Oreskovic 20 0 3 2
4 Mirco Mueller Phil Oreskovic 10 0 3 2
PowerPlay Forward
Center Left Wing Right Wing Time % Phy DF OF
1 Marko Dano Tye McGinn Pavel Buchnevich 60 0 1 4
2 Dylan Larkin Anton Slepyshev Ben Hanowski 40 0 1 4
PowerPlay Defense
Defense Defense Time % Phy DF OF
1 Gord Baldwin Marcus Pettersson 60 0 2 3
2 Simon Despres Petter Granberg 40 0 2 3
Penalty Kill 4 Players Forward
Center Wing Time % Phy DF OF
1 Tye McGinn Brendan Woods 60 0 4 1
2 Marko Dano Ben Hanowski 40 0 4 1
Penalty Kill 4 Players Defense
Defense Defense Time % Phy DF OF
1 Gord Baldwin Phil Oreskovic 60 1 2 2
2 Simon Despres Haydn Fleury 40 1 2 2
Penalty Kill - 3 Players Forward
Forward Time % Phy DF OF
1 Brendan Woods 60 0 4 1
2 Ben Hanowski 40 0 4 1
Penalty Kill - 3 Players Defense
Defense Defense Time % Phy DF OF
1 Gord Baldwin Phil Oreskovic 60 1 2 2
2 Simon Despres Haydn Fleury 40 1 2 2
4 vs 4 Forward
Center Wing Time % Phy DF OF
1 Marko Dano Tye McGinn 60 0 2 3
2 Dylan Larkin Pavel Buchnevich 40 0 2 3
4 vs 4 Defense
Defense Defense Time % Phy DF OF
1 Gord Baldwin Petter Granberg 60 0 3 2
2 Simon Despres Marcus Pettersson 40 0 3 2
Last Minutes Offensive
Center Left Wing Right Wing Defense Defense
Marko Dano Tye McGinn Pavel Buchnevich Simon Despres Marcus Pettersson
Last Minutes Defensive
Center Left Wing Right Wing Defense Defense
Marko Dano Brendan Woods Ben Hanowski Haydn Fleury Phil Oreskovic
Goaltenders
Starting : Olivier Roy
Backup : Jean-Francois Berube
Extra Forwards
Normal : Marko Dano, Dylan Larkin, Sonny Milano - PP : Nathan Gerbe, Brandon Pirri - PK : Brandon Pirri
Extra Defensemen
Normal : Marcus Pettersson, Gord Baldwin, Haydn Fleury - PP : Phil Oreskovic - PK : Mirco Mueller, Petter Granberg
Penalty Shots
Dylan Larkin, Nathan Gerbe, Rourke Chartier, Sonny Milano, Marko Dano
Scratches
Vladislav Namestnikov (Healthy), Garrett Wilson (Healthy), Tanner Kero (Healthy), Greg McKegg (Healthy), Konrad Abeltshauser (Healthy)
Tomas Hyka (Healthy), Ian McCoshen (Healthy), Danny Kristo (Healthy), Ryan Mantha (Healthy), Jack Ramsey (Healthy)
Marcus Hogberg (Healthy), Hayden Hawkey (Healthy)
% Time on Ice - Mustangs
Lines # - Real PCT - Wanted PCT - Time Play
Normal Forward
1 - 31% - 40% - 14:54
2 - 29% - 30% - 14:05
3 - 23% - 20% - 11:14
4 - 16% - 10% - 7:53
Normal Defense
1 - 40% - 44% - 19:27
2 - 32% - 33% - 15:20
3 - 28% - 23% - 13:19
4 - 0% - 0% - 0:00
PP Forward
1 - 58% - 60% - 3:55
2 - 42% - 40% - 2:52
PP Defense
1 - 59% - 60% - 4:02
2 - 41% - 40% - 2:45
PK Forward
1 - 82% - 60% - 4:13
2 - 18% - 40% - 0:54
PK Defense
1 - 60% - 60% - 3:03
2 - 40% - 40% - 2:04
PK3 Forward
1 - 0% - 60%
2 - 0% - 40%
PK3 Defense
1 - 0% - 60%
2 - 0% - 40%
44 Forward
1 - 0% - 60%
2 - 0% - 40%
44 Defense
1 - 0% - 60%
2 - 0% - 40%
Last Minute Offensive - 0:00
Last Minute Defensive - 0:00
Total
Forward - 60:00
Defense - 60:00
|
% Time on Ice - Griffins
Lines # - Real PCT - Wanted PCT - Time Play
Normal Forward
1 - 31% - 40% - 14:41
2 - 27% - 30% - 12:49
3 - 25% - 20% - 11:56
4 - 18% - 10% - 8:40
Normal Defense
1 - 38% - 40% - 18:22
2 - 32% - 30% - 15:12
3 - 22% - 20% - 10:21
4 - 9% - 10% - 4:11
PP Forward
1 - 52% - 60% - 2:40
2 - 48% - 40% - 2:27
PP Defense
1 - 48% - 60% - 2:28
2 - 52% - 40% - 2:39
PK Forward
1 - 87% - 60% - 4:55
2 - 13% - 40% - 0:43
PK Defense
1 - 64% - 60% - 3:38
2 - 36% - 40% - 2:00
PK3 Forward
1 - 83% - 60% - 0:57
2 - 17% - 40% - 0:12
PK3 Defense
1 - 35% - 60% - 0:24
2 - 65% - 40% - 0:45
44 Forward
1 - 0% - 60%
2 - 0% - 40%
44 Defense
1 - 0% - 60%
2 - 0% - 40%
Last Minute Offensive - 0:00
Last Minute Defensive - 0:00
Total
Forward - 60:00
Defense - 60:00
|
Play-by-Play
1st period
0:01 of 1st period - Marko Dano wins face-off versus Melker Karlsson in neutral zone.
0:25 of 1st period - Craig Smith is hit by Simon Despres and loses puck.
0:31 of 1st period - Off-side.
0:32 of 1st period - Nick Schmaltz wins face-off versus Nathan Gerbe in neutral zone.
0:46 of 1st period - Wrist shot by Nathan Gerbe.
0:46 of 1st period - Stopped by Chet Pickard with a rebound.
0:52 of 1st period - Petter Granberg is hit by Tuomo Ruutu and loses puck.
1:23 of 1st period - Wrist shot by Ben Hanowski.
1:23 of 1st period - Stopped by Chet Pickard with a rebound.
1:25 of 1st period - Slapshot by Anton Slepyshev.
1:25 of 1st period - Stopped by Chet Pickard without a rebound.
1:26 of 1st period - Jonathan Drouin wins face-off versus Dylan Larkin in Mustangs zone.
1:31 of 1st period - Slapshot by Melker Karlsson.
1:31 of 1st period - Stopped by Olivier Roy with a rebound.
2:17 of 1st period - Snap shot by Max Gortz.
2:17 of 1st period - Shot Blocked by Simon Despres.
2:39 of 1st period - Slapshot by Brendan Woods.
2:39 of 1st period - Shot Misses the Net.
2:59 of 1st period - Wrist shot by Iven Barbashev.
2:59 of 1st period - Stopped by Olivier Roy without a rebound.
3:00 of 1st period - Marko Dano wins face-off versus Iven Barbashev in Griffins zone.
3:07 of 1st period - Snap shot by Tye McGinn.
3:07 of 1st period - Deflect By Marko Dano.
3:07 of 1st period - Stopped by Chet Pickard with a rebound.
3:09 of 1st period - Snap shot by Marko Dano.
3:09 of 1st period - Shot Misses the Net.
3:27 of 1st period - Anton Slepyshev is hit by Stefan Matteau.
3:57 of 1st period - Phil Oreskovic is hit by Josh Jooris and loses puck.
4:18 of 1st period - Snap shot by Rourke Chartier.
4:18 of 1st period - Stopped by Chet Pickard without a rebound.
4:19 of 1st period - Stefan Matteau wins face-off versus Marko Dano in Mustangs zone.
4:19 of 1st period - Stefan Matteau is hit by Pavel Buchnevich.
4:25 of 1st period - Simon Despres is hit by Damon Severson and loses puck.
4:36 of 1st period - JT Compher is hit by Pavel Buchnevich and loses puck.
5:31 of 1st period - Wrist shot by Anton Slepyshev.
5:31 of 1st period - Shot Blocked by Iven Barbashev.
5:33 of 1st period - Snap shot by Anton Slepyshev.
5:33 of 1st period - Shot Blocked by Alexei Marchenko.
5:35 of 1st period - Wrist shot by Ben Hanowski.
5:35 of 1st period - Stopped by Chet Pickard with a rebound.
5:37 of 1st period - Slapshot by Dylan Larkin.
5:37 of 1st period - Stopped by Chet Pickard without a rebound.
5:38 of 1st period - Marko Dano wins face-off versus Melker Karlsson in Mustangs zone.
5:47 of 1st period - Snap shot by Melker Karlsson.
5:47 of 1st period - Stopped by Olivier Roy with a rebound.
6:03 of 1st period - Craig Smith is hit by Marcus Pettersson and loses puck.
6:32 of 1st period - Haydn Fleury is hit by Damon Severson and loses puck.
7:16 of 1st period - Wrist shot by Craig Smith.
7:16 of 1st period - Shot Misses the Net.
7:30 of 1st period - Wrist shot by Iven Barbashev.
7:30 of 1st period - Stopped by Olivier Roy with a rebound.
7:48 of 1st period - Dylan Larkin is hit by Dakota Mermis and loses puck.
7:55 of 1st period - Snap shot by Tuomo Ruutu.
7:55 of 1st period - Shot Blocked by Haydn Fleury.
7:57 of 1st period - Slapshot by Alexei Marchenko.
7:57 of 1st period - Shot Blocked by Haydn Fleury.
8:08 of 1st period - Off-side.
8:09 of 1st period - Rourke Chartier wins face-off versus Melker Karlsson in neutral zone.
8:14 of 1st period - Wrist shot by Simon Despres.
8:14 of 1st period - Stopped by Chet Pickard with a rebound.
8:17 of 1st period - Icing by Damon Severson.
8:18 of 1st period - Melker Karlsson wins face-off versus Marko Dano in Mustangs zone.
8:31 of 1st period - Wrist shot by Josh Jooris.
8:31 of 1st period - Stopped by Olivier Roy without a rebound.
8:32 of 1st period - Pavel Buchnevich wins face-off versus Stefan Matteau in Griffins zone.
8:43 of 1st period - Icing by JT Compher.
8:44 of 1st period - Marko Dano wins face-off versus Stefan Matteau in Mustangs zone.
8:47 of 1st period - Wrist shot by Marko Dano.
8:47 of 1st period - Shot Misses the Net.
9:35 of 1st period - Wrist shot by Ben Hanowski.
9:35 of 1st period - Stopped by Chet Pickard with a rebound.
9:37 of 1st period - Backhand shot by Simon Despres.
9:37 of 1st period - Shot Blocked by Damon Severson.
9:56 of 1st period - Damon Severson is hit by Gord Baldwin and loses puck.
10:11 of 1st period - Wrist shot by Tye McGinn.
10:11 of 1st period - Shot Blocked by Andrew O'Brien.
10:27 of 1st period - Gord Baldwin is hit by Stefan Matteau and loses puck.
11:21 of 1st period - Wrist shot by Nicholas Baptiste.
11:21 of 1st period - Shot Misses the Net.
11:23 of 1st period - Wrist shot by Brendan Woods.
11:23 of 1st period - Stopped by Chet Pickard with a rebound.
11:25 of 1st period - Slapshot by Phil Oreskovic.
11:25 of 1st period - Stopped by Chet Pickard without a rebound.
11:26 of 1st period - Melker Karlsson wins face-off versus Marko Dano in Mustangs zone.
11:26 of 1st period - Melker Karlsson is hit by Tye McGinn.
11:32 of 1st period - Wrist shot by Melker Karlsson.
11:32 of 1st period - Stopped by Olivier Roy with a rebound.
11:58 of 1st period - Snap shot by Stefan Matteau.
11:58 of 1st period - Stopped by Olivier Roy without a rebound.
11:59 of 1st period - Stefan Matteau wins face-off versus Dylan Larkin in Griffins zone.
12:12 of 1st period - Snap shot by Stefan Matteau.
12:12 of 1st period - Shot Misses the Net.
12:38 of 1st period - Slapshot by Dylan Larkin.
12:38 of 1st period - Deflect By Craig Smith.
12:38 of 1st period - Shot Misses the Net.
12:38 of 1st period - Puck is out of play.
12:39 of 1st period - Melker Karlsson wins face-off versus Marko Dano in Mustangs zone.
12:48 of 1st period - Slapshot by Josh Jooris.
12:48 of 1st period - Stopped by Olivier Roy with a rebound.
13:33 of 1st period - Wrist shot by Rourke Chartier.
13:33 of 1st period - Stopped by Chet Pickard with a rebound.
13:45 of 1st period - Snap shot by Melker Karlsson.
13:45 of 1st period - Stopped by Olivier Roy with a rebound.
14:04 of 1st period - Danny Biega is hit by Sonny Milano.
14:10 of 1st period - Wrist shot by Nathan Gerbe.
14:10 of 1st period - Shot Misses the Net.
14:12 of 1st period - Snap shot by Brandon Pirri.
14:12 of 1st period - Shot Misses the Net.
14:28 of 1st period - Snap shot by Craig Smith.
14:28 of 1st period - Stopped by Olivier Roy with a rebound.
14:32 of 1st period - Snap shot by Stefan Matteau.
14:32 of 1st period - Deflect By Anton Slepyshev.
14:32 of 1st period - Stopped by Olivier Roy with a rebound.
14:34 of 1st period - Snap shot by Dakota Mermis.
14:34 of 1st period - Shot Misses the Net.
14:48 of 1st period - Slapshot by Nicholas Baptiste.
14:48 of 1st period - Deflect By Rourke Chartier.
14:48 of 1st period - Shot Blocked by Alexei Marchenko.
14:48 of 1st period - Puck is out of play.
14:49 of 1st period - Nick Schmaltz wins face-off versus Rourke Chartier in Mustangs zone.
15:37 of 1st period - Icing by Josh Jooris.
15:38 of 1st period - Melker Karlsson wins face-off versus Marko Dano in Mustangs zone.
15:49 of 1st period - Wrist shot by Melker Karlsson.
15:49 of 1st period - Shot Misses the Net.
15:51 of 1st period - Snap shot by Melker Karlsson.
15:51 of 1st period - Deflect By Josh Jooris.
15:51 of 1st period - Stopped by Olivier Roy with a rebound.
15:53 of 1st period - Snap shot by Damon Severson.
15:53 of 1st period - Stopped by Olivier Roy with a rebound.
16:03 of 1st period - Ben Harpur is hit by Brandon Pirri and loses puck.
16:08 of 1st period - Wrist shot by Nathan Gerbe.
16:08 of 1st period - Shot Misses the Net.
16:12 of 1st period - Wrist shot by Nathan Gerbe.
16:12 of 1st period - Shot Blocked by Andrew O'Brien.
16:14 of 1st period - Slapshot by Simon Despres.
16:14 of 1st period - Deflect By Brandon Pirri.
16:14 of 1st period - Shot Blocked by Ben Harpur.
16:14 of 1st period - Puck is out of play.
16:15 of 1st period - Melker Karlsson wins face-off versus Marko Dano in Mustangs zone.
16:26 of 1st period - Slapshot by Jonathan Drouin.
16:26 of 1st period - Shot Misses the Net.
17:10 of 1st period - Snap shot by Max Gortz.
17:10 of 1st period - Stopped by Olivier Roy with a rebound.
17:54 of 1st period - Wrist shot by Jonathan Drouin.
17:54 of 1st period - Shot Misses the Net.
17:56 of 1st period - Wrist shot by Melker Karlsson.
17:56 of 1st period - Shot Misses the Net.
19:47 of 1st period - Wrist shot by Max Gortz.
19:47 of 1st period - Shot Misses the Net.
Goals for this period are 0 for Mustangs vs 0 for Griffins.
Shots for this period are 14 for Mustangs vs 12 for Griffins.
2nd period
0:01 of 2nd period - Marko Dano wins face-off versus Melker Karlsson in neutral zone.
0:06 of 2nd period - Snap shot by Tye McGinn.
0:06 of 2nd period - Stopped by Chet Pickard with a rebound.
0:38 of 2nd period - Off-side.
0:39 of 2nd period - Tuomo Ruutu wins face-off versus Nathan Gerbe in neutral zone.
0:50 of 2nd period - Slapshot by Brandon Pirri.
0:50 of 2nd period - Shot Blocked by Ben Harpur.
1:33 of 2nd period - Wrist shot by Craig Smith.
1:33 of 2nd period - Goal by Craig Smith - Mustangs : 1 - Griffins : 0.
1:34 of 2nd period - Marko Dano wins face-off versus Melker Karlsson in neutral zone.
1:37 of 2nd period - Snap shot by Tye McGinn.
1:37 of 2nd period - Stopped by Chet Pickard with a rebound.
1:39 of 2nd period - Slapshot by Marcus Pettersson.
1:39 of 2nd period - Stopped by Chet Pickard with a rebound.
1:41 of 2nd period - Slapshot by Tye McGinn.
1:41 of 2nd period - Goal by Tye McGinn - Mustangs : 1 - Griffins : 1.
1:42 of 2nd period - Melker Karlsson wins face-off versus Marko Dano in neutral zone.
1:48 of 2nd period - Alexei Marchenko is hit by Marko Dano and loses puck.
2:31 of 2nd period - Icing by Tuomo Ruutu.
2:32 of 2nd period - Nathan Gerbe wins face-off versus Nick Schmaltz in Mustangs zone.
3:09 of 2nd period - Snap shot by Nathan Gerbe.
3:09 of 2nd period - Shot Misses the Net.
3:19 of 2nd period - Snap shot by Nick Schmaltz.
3:19 of 2nd period - Stopped by Olivier Roy with a rebound.
3:21 of 2nd period - Snap shot by Nick Schmaltz.
3:21 of 2nd period - Stopped by Olivier Roy without a rebound.
3:22 of 2nd period - Melker Karlsson wins face-off versus Marko Dano in Griffins zone.
4:06 of 2nd period - Wrist shot by Rourke Chartier.
4:06 of 2nd period - Shot Blocked by Damon Severson.
4:12 of 2nd period - Snap shot by Nicholas Baptiste.
4:12 of 2nd period - Shot Blocked by Damon Severson.
4:14 of 2nd period - Snap shot by Brendan Woods.
4:14 of 2nd period - Stopped by Chet Pickard with a rebound.
4:28 of 2nd period - Snap shot by Melker Karlsson.
4:28 of 2nd period - Shot Blocked by Simon Despres.
4:52 of 2nd period - Off-side.
4:53 of 2nd period - Nick Schmaltz wins face-off versus Dylan Larkin in neutral zone.
5:05 of 2nd period - Slapshot by Max Gortz.
5:05 of 2nd period - Shot Blocked by Gord Baldwin.
5:07 of 2nd period - Wrist shot by Tuomo Ruutu.
5:07 of 2nd period - Shot Misses the Net.
5:09 of 2nd period - Slapshot by Max Gortz.
5:09 of 2nd period - Stopped by Olivier Roy with a rebound.
5:32 of 2nd period - Slapshot by Dylan Larkin.
5:32 of 2nd period - Shot Blocked by Andrew O'Brien.
5:34 of 2nd period - Snap shot by Ben Hanowski.
5:34 of 2nd period - Shot Misses the Net.
5:59 of 2nd period - Icing by Chrstian Dvorak.
6:00 of 2nd period - Marko Dano wins face-off versus Iven Barbashev in Mustangs zone.
6:20 of 2nd period - Snap shot by Sam Kurker.
6:20 of 2nd period - Stopped by Olivier Roy without a rebound.
6:21 of 2nd period - Melker Karlsson wins face-off versus Nathan Gerbe in Griffins zone.
6:24 of 2nd period - Snap shot by Josh Jooris.
6:24 of 2nd period - Stopped by Olivier Roy without a rebound.
6:25 of 2nd period - Josh Jooris wins face-off versus Nathan Gerbe in Griffins zone.
6:38 of 2nd period - Snap shot by Josh Jooris.
6:38 of 2nd period - Stopped by Olivier Roy without a rebound.
6:39 of 2nd period - Marko Dano wins face-off versus Josh Jooris in Griffins zone.
6:46 of 2nd period - Wrist shot by Melker Karlsson.
6:46 of 2nd period - Stopped by Olivier Roy with a rebound.
6:48 of 2nd period - Slapshot by Josh Jooris.
6:48 of 2nd period - Deflect By Melker Karlsson.
6:48 of 2nd period - Stopped by Olivier Roy without a rebound.
6:49 of 2nd period - Marko Dano wins face-off versus Melker Karlsson in Griffins zone.
7:04 of 2nd period - Marko Dano is hit by Melker Karlsson and loses puck.
7:11 of 2nd period - Snap shot by Jonathan Drouin.
7:11 of 2nd period - Shot Misses the Net.
7:13 of 2nd period - Snap shot by Alexei Marchenko.
7:13 of 2nd period - Shot Misses the Net.
7:15 of 2nd period - Snap shot by Melker Karlsson.
7:15 of 2nd period - Shot Misses the Net.
7:17 of 2nd period - Slapshot by Alexei Marchenko.
7:17 of 2nd period - Shot Blocked by Pavel Buchnevich.
8:00 of 2nd period - Snap shot by Josh Jooris.
8:00 of 2nd period - Stopped by Olivier Roy without a rebound.
8:01 of 2nd period - Stefan Matteau wins face-off versus Dylan Larkin in Griffins zone.
8:36 of 2nd period - Icing by Petter Granberg.
8:37 of 2nd period - Nathan Gerbe wins face-off versus Tuomo Ruutu in Griffins zone.
8:42 of 2nd period - Snap shot by Nathan Gerbe.
8:42 of 2nd period - Shot Blocked by Dakota Mermis.
9:13 of 2nd period - Wrist shot by Brandon Pirri.
9:13 of 2nd period - Stopped by Chet Pickard with a rebound.
9:31 of 2nd period - Wrist shot by JT Compher.
9:31 of 2nd period - Shot Misses the Net.
9:43 of 2nd period - Slapshot by Brandon Pirri.
9:43 of 2nd period - Stopped by Chet Pickard with a rebound.
9:55 of 2nd period - Snap shot by Brandon Pirri.
9:55 of 2nd period - Shot Misses the Net.
9:57 of 2nd period - Slapshot by Petter Granberg.
9:57 of 2nd period - Shot Misses the Net.
9:59 of 2nd period - Wrist shot by Brandon Pirri.
9:59 of 2nd period - Stopped by Chet Pickard with a rebound.
10:15 of 2nd period - Wrist shot by Sonny Milano.
10:15 of 2nd period - Shot Misses the Net.
10:17 of 2nd period - Slapshot by Brandon Pirri.
10:17 of 2nd period - Stopped by Chet Pickard with a rebound.
10:25 of 2nd period - Wrist shot by Sonny Milano.
10:25 of 2nd period - Shot Misses the Net.
10:31 of 2nd period - Wrist shot by Brandon Pirri.
10:31 of 2nd period - Shot Misses the Net.
10:37 of 2nd period - Wrist shot by Brandon Pirri.
10:37 of 2nd period - Shot Misses the Net.
10:55 of 2nd period - Snap shot by Nathan Gerbe.
10:55 of 2nd period - Shot Misses the Net.
10:59 of 2nd period - Wrist shot by Brandon Pirri.
10:59 of 2nd period - Deflect By Sonny Milano.
10:59 of 2nd period - Stopped by Chet Pickard with a rebound.
11:01 of 2nd period - Slapshot by Nathan Gerbe.
11:01 of 2nd period - Shot Misses the Net.
11:03 of 2nd period - Wrist shot by Brandon Pirri.
11:03 of 2nd period - Shot Blocked by Craig Smith.
11:14 of 2nd period - Minor Penalty to Dakota Mermis for Diving.
11:15 of 2nd period - Marko Dano wins face-off versus Melker Karlsson in Mustangs zone.
11:17 of 2nd period - Snap shot by Marko Dano.
11:17 of 2nd period - Stopped by Chet Pickard with a rebound.
11:19 of 2nd period - Backhand shot by Phil Oreskovic.
11:19 of 2nd period - Shot Misses the Net.
11:43 of 2nd period - Snap shot by Ben Hanowski.
11:43 of 2nd period - Shot Misses the Net.
12:02 of 2nd period - Icing by Marko Dano.
12:03 of 2nd period - Nick Schmaltz wins face-off versus Marko Dano in Griffins zone.
12:22 of 2nd period - Slapshot by Dylan Larkin.
12:22 of 2nd period - Stopped by Chet Pickard with a rebound.
12:37 of 2nd period - Off-side.
12:38 of 2nd period - Nick Schmaltz wins face-off versus Marko Dano in neutral zone.
13:05 of 2nd period - Snap shot by Pavel Buchnevich.
13:05 of 2nd period - Goal by Pavel Buchnevich - Mustangs : 1 - Griffins : 2.
13:06 of 2nd period - Marko Dano wins face-off versus Max Gortz in neutral zone.
13:14 of 2nd period - Off-side.
13:15 of 2nd period - Nick Schmaltz wins face-off versus Pavel Buchnevich in neutral zone.
13:32 of 2nd period - Slapshot by Tye McGinn.
13:32 of 2nd period - Shot Misses the Net.
13:41 of 2nd period - Minor Penalty to Max Gortz for Hooking.
13:42 of 2nd period - Marko Dano wins face-off versus Melker Karlsson in Mustangs zone.
14:10 of 2nd period - Snap shot by Ben Hanowski.
14:10 of 2nd period - Stopped by Chet Pickard without a rebound.
14:11 of 2nd period - Melker Karlsson wins face-off versus Dylan Larkin in Mustangs zone.
14:47 of 2nd period - Craig Smith is hit by Anton Slepyshev and loses puck.
14:54 of 2nd period - Wrist shot by Ben Hanowski.
14:54 of 2nd period - Shot Misses the Net.
14:56 of 2nd period - Slapshot by Simon Despres.
14:56 of 2nd period - Griffins goal is going for a video replay.
14:56 of 2nd period - The goal is good.
14:56 of 2nd period - Goal by Simon Despres - Mustangs : 1 - Griffins : 3.
14:57 of 2nd period - Marko Dano wins face-off versus Melker Karlsson in neutral zone.
15:34 of 2nd period - Off-side.
15:35 of 2nd period - Dylan Larkin wins face-off versus Melker Karlsson in neutral zone.
15:38 of 2nd period - Andrew O'Brien is hit by Ben Hanowski and loses puck.
16:47 of 2nd period - Slapshot by Rourke Chartier.
16:47 of 2nd period - Shot Blocked by Josh Jooris.
16:49 of 2nd period - Slapshot by Simon Despres.
16:49 of 2nd period - Deflect By Rourke Chartier.
16:49 of 2nd period - Shot Hit the Post.
16:49 of 2nd period - Puck is out of play.
16:50 of 2nd period - Marko Dano wins face-off versus Stefan Matteau in Mustangs zone.
17:15 of 2nd period - Haydn Fleury is hit by Melker Karlsson and loses puck.
17:22 of 2nd period - Slapshot by Ben Hanowski.
17:22 of 2nd period - Shot Blocked by Josh Jooris.
17:40 of 2nd period - Slapshot by Tuomo Ruutu.
17:40 of 2nd period - Stopped by Olivier Roy without a rebound.
17:41 of 2nd period - Nick Schmaltz wins face-off versus Nathan Gerbe in Griffins zone.
17:50 of 2nd period - Slapshot by Max Gortz.
17:50 of 2nd period - Shot Misses the Net.
17:52 of 2nd period - Slapshot by Ben Harpur.
17:52 of 2nd period - Stopped by Olivier Roy without a rebound.
17:53 of 2nd period - Marko Dano wins face-off versus Melker Karlsson in Griffins zone.
17:53 of 2nd period - Marko Dano is hit by Melker Karlsson.
18:31 of 2nd period - Slapshot by Craig Smith.
18:31 of 2nd period - Stopped by Olivier Roy without a rebound.
18:32 of 2nd period - Rourke Chartier wins face-off versus Melker Karlsson in Griffins zone.
18:53 of 2nd period - Minor Penalty to Brendan Woods for Boarding.
18:54 of 2nd period - Tye McGinn wins face-off versus Jonathan Drouin in Griffins zone.
19:19 of 2nd period - Phil Oreskovic is hit by Craig Smith.
19:23 of 2nd period - Anton Slepyshev is hit by Andrew O'Brien and loses puck.
19:28 of 2nd period - Snap shot by Craig Smith.
19:28 of 2nd period - Stopped by Olivier Roy without a rebound.
19:29 of 2nd period - Melker Karlsson wins face-off versus Tye McGinn in Griffins zone.
19:57 of 2nd period - Off-side.
19:58 of 2nd period - Nathan Gerbe wins face-off versus Stefan Matteau in neutral zone.
Goals for this period are 1 for Mustangs vs 3 for Griffins.
Shots for this period are 14 for Mustangs vs 15 for Griffins.
3rd period
0:01 of 3rd period - Tye McGinn wins face-off versus Melker Karlsson in neutral zone.
0:53 of 3rd period - Penalty to Brendan Woods is over, Brendan Woods is back on ice.
1:30 of 3rd period - Snap shot by Chrstian Dvorak.
1:30 of 3rd period - Stopped by Olivier Roy with a rebound.
1:42 of 3rd period - Wrist shot by Brandon Pirri.
1:42 of 3rd period - Stopped by Chet Pickard without a rebound.
1:43 of 3rd period - Nathan Gerbe wins face-off versus Stefan Matteau in Mustangs zone.
1:48 of 3rd period - Slapshot by Brandon Pirri.
1:48 of 3rd period - Shot Misses the Net.
3:30 of 3rd period - Slapshot by Jonathan Drouin.
3:30 of 3rd period - Stopped by Olivier Roy with a rebound.
3:32 of 3rd period - Snap shot by Jonathan Drouin.
3:32 of 3rd period - Shot Misses the Net.
3:34 of 3rd period - Snap shot by Damon Severson.
3:34 of 3rd period - Stopped by Olivier Roy with a rebound.
3:36 of 3rd period - Wrist shot by Josh Jooris.
3:36 of 3rd period - Shot Blocked by Phil Oreskovic.
4:10 of 3rd period - Ben Harpur is hit by Brendan Woods and loses puck.
4:33 of 3rd period - Craig Smith is hit by Petter Granberg.
4:37 of 3rd period - Snap shot by Dakota Mermis.
4:37 of 3rd period - Deflect By Nathan Gerbe.
4:37 of 3rd period - Stopped by Olivier Roy without a rebound.
4:38 of 3rd period - Marko Dano wins face-off versus Melker Karlsson in Griffins zone.
4:49 of 3rd period - Slapshot by Pavel Buchnevich.
4:49 of 3rd period - Stopped by Chet Pickard with a rebound.
4:51 of 3rd period - Snap shot by Pavel Buchnevich.
4:51 of 3rd period - Shot Blocked by Melker Karlsson.
4:53 of 3rd period - Slapshot by Marcus Pettersson.
4:53 of 3rd period - Stopped by Chet Pickard with a rebound.
5:11 of 3rd period - Wrist shot by Ben Hanowski.
5:11 of 3rd period - Shot Blocked by Danny Biega.
5:13 of 3rd period - Slapshot by Phil Oreskovic.
5:13 of 3rd period - Shot Misses the Net.
5:57 of 3rd period - Minor Penalty to Nicholas Baptiste for Roughing.
5:58 of 3rd period - Tye McGinn wins face-off versus Melker Karlsson in Griffins zone.
5:58 of 3rd period - Tye McGinn is hit by Damon Severson.
6:13 of 3rd period - Wrist shot by Josh Jooris.
6:13 of 3rd period - Shot Blocked by Gord Baldwin.
6:29 of 3rd period - Wrist shot by Stefan Matteau.
6:29 of 3rd period - Stopped by Olivier Roy with a rebound.
6:31 of 3rd period - Snap shot by Stefan Matteau.
6:31 of 3rd period - Shot Misses the Net.
6:33 of 3rd period - Snap shot by Ben Harpur.
6:33 of 3rd period - Shot Blocked by Phil Oreskovic.
6:47 of 3rd period - Minor Penalty to Phil Oreskovic for Hooking.
6:48 of 3rd period - Melker Karlsson wins face-off versus Brendan Woods in Griffins zone.
6:55 of 3rd period - Slapshot by Melker Karlsson.
6:55 of 3rd period - Stopped by Olivier Roy with a rebound.
7:57 of 3rd period - Penalty to Nicholas Baptiste is over, Nicholas Baptiste is back on ice.
8:32 of 3rd period - Ben Harpur is hit by Tye McGinn.
8:47 of 3rd period - Penalty to Phil Oreskovic is over, Phil Oreskovic is back on ice.
9:18 of 3rd period - Icing by Marko Dano.
9:19 of 3rd period - Marko Dano wins face-off versus Nick Schmaltz in Griffins zone.
9:32 of 3rd period - Wrist shot by Phil Oreskovic.
9:32 of 3rd period - Stopped by Chet Pickard with a rebound.
9:34 of 3rd period - Minor Penalty to Danny Biega for Goalie Interference.
9:35 of 3rd period - Marko Dano wins face-off versus Josh Jooris in Mustangs zone.
11:34 of 3rd period - Penalty to Danny Biega is over, Danny Biega is back on ice.
11:46 of 3rd period - Wrist shot by Chrstian Dvorak.
11:46 of 3rd period - Stopped by Olivier Roy with a rebound.
11:48 of 3rd period - Wrist shot by Damon Severson.
11:48 of 3rd period - Deflect By Simon Despres.
11:48 of 3rd period - Stopped by Olivier Roy without a rebound.
11:49 of 3rd period - Nathan Gerbe wins face-off versus Chrstian Dvorak in Griffins zone.
11:58 of 3rd period - Wrist shot by Sonny Milano.
11:58 of 3rd period - Shot Blocked by Alexei Marchenko.
12:27 of 3rd period - Icing by Josh Jooris.
12:28 of 3rd period - Melker Karlsson wins face-off versus Marko Dano in Mustangs zone.
12:45 of 3rd period - Snap shot by Josh Jooris.
12:45 of 3rd period - Stopped by Olivier Roy without a rebound.
12:46 of 3rd period - Dylan Larkin wins face-off versus Stefan Matteau in Griffins zone.
12:53 of 3rd period - Ben Harpur is hit by Ben Hanowski and loses puck.
13:03 of 3rd period - Minor Penalty to Ben Harpur for Hooking.
13:04 of 3rd period - Marko Dano wins face-off versus Melker Karlsson in Mustangs zone.
13:05 of 3rd period - Snap shot by Tye McGinn.
13:05 of 3rd period - Goal by Tye McGinn - Mustangs : 1 - Griffins : 4.
13:06 of 3rd period - Marko Dano wins face-off versus Melker Karlsson in neutral zone.
13:36 of 3rd period - Slapshot by Phil Oreskovic.
13:36 of 3rd period - Shot Blocked by Damon Severson.
13:38 of 3rd period - Slapshot by Phil Oreskovic.
13:38 of 3rd period - Stopped by Chet Pickard without a rebound.
13:39 of 3rd period - Stefan Matteau wins face-off versus Marko Dano in Mustangs zone.
13:39 of 3rd period - Stefan Matteau is hit by Pavel Buchnevich.
14:15 of 3rd period - Icing by Ben Harpur.
14:16 of 3rd period - Dylan Larkin wins face-off versus Nick Schmaltz in Mustangs zone.
15:08 of 3rd period - Slapshot by Brendan Woods.
15:08 of 3rd period - Stopped by Chet Pickard without a rebound.
15:09 of 3rd period - Nicholas Baptiste wins face-off versus Melker Karlsson in Mustangs zone.
15:36 of 3rd period - Slapshot by Nicholas Baptiste.
15:36 of 3rd period - Stopped by Chet Pickard without a rebound.
15:37 of 3rd period - Marko Dano wins face-off versus Melker Karlsson in Mustangs zone.
16:41 of 3rd period - Minor Penalty to Nathan Gerbe for Hooking.
16:42 of 3rd period - Melker Karlsson wins face-off versus Tye McGinn in Griffins zone.
18:35 of 3rd period - Tye McGinn is hit by Jonathan Drouin and loses puck.
18:41 of 3rd period - Penalty to Nathan Gerbe is over, Nathan Gerbe is back on ice.
19:04 of 3rd period - Gord Baldwin is hit by Chrstian Dvorak and loses puck.
19:44 of 3rd period - Snap shot by Anton Slepyshev.
19:44 of 3rd period - Stopped by Chet Pickard with a rebound.
Goals for this period are 0 for Mustangs vs 1 for Griffins.
Shots for this period are 9 for Mustangs vs 9 for Griffins.
Back to the Top